 Dungeon Crawl Stone Soup version 0.26.1-11-gd32895ea62 (webtiles) character file.

Game seed: 13999970965190390427

166 Arcadio the Ducker (level 5, -2/37 HPs)
             Began as a Merfolk Transmuter on May 19, 2021.
             Was an Initiate of Okawaru.
             Slain by a big kobold (4 damage)
             ... on level 4 of the Dungeon.
             The game lasted 00:07:00 (4266 turns).

Arcadio the Ducker (Merfolk Transmuter)             Turns: 4266, Time: 00:07:06

Health: -2/37      AC:  2    Str: 12    XL:     5   Next: 47%
Magic:  2/8        EV: 14    Int: 12    God:    Okawaru [......]
Gold:   116        SH:  0    Dex: 14    Spells: 2/8 levels left

rFire    . . .     SeeInvis .     - Unarmed
rCold    . . .     Faith    .   (no shield)
rNeg     . . .     Spirit   .   a - +0 robe
rPois    .         Reflect  .   (helmet currently unavailable)
rElec    .         Harm     .   (no cloak)
rCorr    .         Rampage  .   (no gloves)
Will     .....                  (boots currently unavailable)
Stlth    +.........             (no amulet)
HPRegen  0.12/turn              (no ring)
MPRegen  0.11/turn              (no ring)

@: lethally poisoned (-2 -> -5), appendages, very slightly contaminated
A: change form in water, swift swim, stealthy swim, horns 2
a: End Transformation, Renounce Religion


You were on level 4 of the Dungeon.
You worshipped Okawaru.
Okawaru was noncommittal.
You had grown temporary horns.
You visited 1 branch of the dungeon, and saw 4 of its levels.
You also visited: Ossuary.

You collected 116 gold pieces.

Inventory:

Hand Weapons
 c - a +1 spear
Armour
 a - a +0 robe (worn)
Jewellery
 g - an uncursed amulet of the acrobat {unknown}
Scrolls
 b - a scroll of enchant weapon
Potions
 d - a potion of ambrosia {unknown}
 e - 2 potions of brilliance
 h - a potion of resistance
 j - 3 potions of curing
 l - a potion of degeneration {unknown}
 n - 2 potions of cancellation
 o - a potion of attraction {unknown}
 p - 2 potions of flight


   Skills:
 - Level 1.1 Fighting
 + Level 4.7 Dodging
 + Level 4.6 Unarmed Combat
 - Level 2.0 Spellcasting
 + Level 4.6 Transmutations


You had 2 spell levels left.
You knew the following spells:

 Your Spells              Type           Power        Failure   Level
a - Beastly Appendage     Tmut           24%          4%          1
b - Wereblood             Tmut           12%          6%          2
c - Spider Form           Tmut/Pois      3%           30%         3

Your spell library contained the following spells:

 Spells                   Type           Power        Failure   Level
 Ice Form                 Ice/Tmut       6%           71%         4
 Blade Hands              Tmut           6%           73%         5


Dungeon Overview and Level Annotations

Branches:
Dungeon (4/15)            Ossuary (visited)
 Temple: D:4-7

Altars:
Ashenzari
Cheibriados
Gozag
Makhleb
Okawaru


Innate Abilities, Weirdness & Mutations

You revert to your normal form in water.
You are very nimble and swift while swimming.
You are very stealthy in the water. (Stealth+)
You have a pair of horns on your head.


Message History

The big kobold is moderately wounded.
The big kobold hits you.
* * * LOW HITPOINT WARNING * * *
You hit the big kobold but do no damage.
The big kobold is moderately wounded.
The big kobold hits you.
* * * LOW HITPOINT WARNING * * *
You feel better. The big kobold closely misses you.
Okay, then.
Okay, then.
Casting: Beastly Appendage (safe; 4% risk of failure)
Confirm with . or Enter, or press ? or * to list all spells.
The spell is quite dangerous to cast (30% risk of failure)!
Continue anyway?
You miscast Spider Form.
You are very lightly contaminated with residual magic.
You feel rather nauseous for a moment!
You are poisoned.
* * * LOW HITPOINT WARNING * * *
x2 You feel sick.
The big kobold hits you.
You die...

#..........#
#..........#
#..........#
#..........#
#..........#
#........K.###
#.............
#...##K##.####
##..#..@#.#
##.#...# #
#.#...# #####


You could see a big kobold.

Vanquished Creatures
  A scorpion (Ossuary)
  6 adders
  An ooze (D:1)
  A worm (D:2)
  3 dart slugs
  3 leopard geckos (D:2)
  3 giant cockroaches
  6 hobgoblins
  2 ball pythons
  6 bats
  8 frilled lizards
  5 goblins
  3 kobolds
  4 rats
52 creatures vanquished.

Notes
Turn   | Place    | Note
-------+----------+-------------------------------------------
     0 | D:1      | Arcadio the Merfolk Transmuter began the quest for the Orb.
     0 | D:1      | Reached XP level 1. HP: 15/15 MP: 3/3
   441 | D:1      | Found a broken altar of Ashenzari.
   451 | D:1      | Reached XP level 2. HP: 17/21 MP: 3/5
   456 | D:1      | Learned a level 2 spell: Wereblood
   828 | D:1      | Reached XP level 3. HP: 26/26 MP: 4/6
  1969 | D:2      | Found an iron altar of Okawaru.
  2372 | D:2      | Reached XP level 4. HP: 32/32 MP: 5/7
  2495 | D:2      | Learned a level 3 spell: Spider Form
  2789 | D:2      | Found a burning altar of Makhleb.
  2789 | D:2      | Found an opulent altar of Gozag.
  3008 | D:2      | Became a worshipper of Warmaster Okawaru
  3265 | D:3      | Found a snail-covered altar of Cheibriados.
  3746 | D:3      | Reached XP level 5. HP: 26/37 MP: 6/8
  4202 | D:4      | Found a sand-covered staircase.
  4207 | Ossuary  | Entered an ossuary
  4256 | D:4      | Noticed a big kobold
  4266 | D:4      | Slain by a big kobold

Illustrated notes

Levels and vault maps discovered:
D:1:      amcnicky_arrival_underground_garden, layout_basic, ashenzari_altar_1
D:2:      layout_loops_corners, okawaru_ov_weapons_minmay,
          nicolae_overflow_hidden_temple
D:3:      layout_basic, cheibriados_altar_1
D:4:      layout_basic, minmay_temple_entry_water_ring, serial_shops,
          nicolae_shop_crystal, enter_ossuary_2, chequers_avenue, uniq_edmund,
          uniq_natasha

Skill      XL: |  1  2  3  4 |
---------------+-------------+-----
Transmutations | 3 4 |  4.6
Dodging        | 3 4 |  4.7
Unarmed Combat | 4 |  4.6
Fighting       | |  1.1
Spellcasting   | |  2.0

Action                   |  1- 3 |  4- 6 || total
-------------------------+-------+-------++-------
Melee: Unarmed           |   110 |    71 ||   181
       Headbutt          |    16 |    15 ||    31
       Punch             |     3 |       ||     3
 Cast: Beastly Appendage |    24 |    17 ||    41
       Spider Form       |       |     1 ||     1
  Use: Scroll            |     3 |     8 ||    11
       Potion            |       |     2 ||     2
 Stab: Sleeping          |     1 |       ||     1
Armor: Robe              |     8 |     6 ||    14
Dodge: Dodged            |    77 |    50 ||   127
